 Dungeon Crawl Stone Soup version 0.24-a0-584-g9d6b971ae4 (webtiles) character file.

Game seed: 14808292352613925746, levelgen mode: deterministic

27999 Arang the Cleaver (level 13, 0/105 HPs)
             Began as a Formicid Fighter on Sept 4, 2019.
             Was a High Priest of Makhleb.
             Slain by a cyan ugly thing (12 damage)
             ... on level 14 of the Dungeon.
             The game lasted 01:00:29 (18432 turns).

Arang the Cleaver (Formicid Fighter)               Turns: 18432, Time: 01:00:30

Health: 0/105      AC: 17    Str: 31    XL:     13   Next: 70%
Magic:  19/19      EV:  8    Int:  9    God:    Makhleb [*****.]
Gold:   1390       SH: 11    Dex: 10    Spells: 12/12 levels left

rFire    . . .     SeeInvis +   a - +3 war axe
rCold    + . .     Gourm    .   c - +0 shield
rNeg     . . .     Faith    .   J - +2 chain mail {rC+}
rPois    .         Spirit   .   (helmet unavailable)
rElec    .         Reflect  .   k - +1 cloak
rCorr    .         Harm     .   E - +0 pair of gloves
MR       +....                  (no boots)
Stlth    ..........             O - amulet of the acrobat
HPRegen  0.27/turn              g - +4 ring of strength
MPRegen  0.16/turn              (no ring)

@: studying Evocations
A: permanent stasis, dig shafts and tunnels, four strong arms, antennae 3,
strong 1, MP-powered wands
a: Dig, Shaft Self, Minor Destruction, Lesser Servant of Makhleb, Major
Destruction, Greater Servant of Makhleb, Renounce Religion


You were on level 14 of the Dungeon.
You worshipped Makhleb.
Makhleb was extremely pleased with you.
You were not hungry.

You visited 1 branch of the dungeon, and saw 14 of its levels.
You also visited: Ossuary.

You collected 1502 gold pieces.
You spent 112 gold pieces at shops.

Inventory:

Hand Weapons
 a - a +3 war axe (weapon)
 b - a +0 war axe
 e - a +0 demon whip of freezing
 m - a +3 halberd
 o - a +1 battleaxe
 x - the +4 scythe "Ycinoeza" {flame, Str+2}
   (You found it on level 5 of the Dungeon)

   It has been specially enchanted to burn those struck by it, causing extra
   injury to most foes and up to half again as much damage against particularly
   susceptible opponents.
   Big, fiery blades are also staple armaments of hydra-hunters.
   It affects your strength (+2).
 C - a +0 war axe
 N - a +3 scimitar of flaming
Missiles
 h - 50 poisoned darts (quivered)
 u - 13 boomerangs
 F - 3 throwing nets
 I - 3 javelins
Armour
 c - a +0 shield (worn)
 k - a +1 cloak (worn)
 E - a +0 pair of gloves (worn)
 J - a +2 chain mail of cold resistance (worn)
Jewellery
 g - a +4 ring of strength (left hand)
 j - an uncursed amulet of guardian spirit
 O - an amulet of the acrobat (around neck)
 P - an uncursed amulet of magic regeneration {unknown}
Wands
 w - a wand of enslavement (5)
 y - a wand of iceblast (22)
 D - a wand of disintegration (19)
 G - a wand of random effects (14)
 M - a wand of digging (4)
Scrolls
 d - 11 scrolls of remove curse
 l - 5 scrolls of identify
 p - 2 scrolls of enchant weapon
 v - a scroll of magic mapping
 L - a scroll of enchant armour
Potions
 i - 8 potions of curing
 n - a potion of ambrosia
 q - 4 potions of heal wounds
 s - 3 potions of agility
 t - 4 potions of lignification
 z - 2 potions of might
 A - a potion of brilliance
 B - a potion of flight
 H - a potion of resistance
Books
 r - a manual of Evocations
Comestibles
 f - 26 rations
 K - 18 chunks of flesh


   Skills:
 + Level 10.8 Fighting
 + Level 13.8 Axes
 - Level 6.6 Throwing
 + Level 10.5 Armour
 - Level 0.1 Dodging
 - Level 5.5 Shields
 - Level 9.2 Invocations
 - Level 6.0 Evocations


You had 12 spell levels left.
You didn't know any spells.
Your spell library contained the following spells:

 Spells                   Type           Power        Failure   Level  Hunger
 Confusing Touch          Hex            #.....       97%         1    ##.....
 Flame Tongue             Conj/Fire      #....        97%         1    ##.....
 Confuse                  Hex            #.......     100%        3    ####...
 Gell's Gravitas          Tloc           #.........   100%        3    ####...
 Cause Fear               Hex            #.........   100%        4    #####..
 Petrify                  Tmut/Erth      #.......     100%        4    #####..
 Metabolic Englaciation   Hex/Ice        #.........   100%        5    ######.
 Yara's Violent Unravell  Hex/Tmut       #.........   100%        5    ######.
 Bolt of Fire             Conj/Fire      #.........   100%        6    #######
 Dragon Form              Tmut           #.........   100%        7    #######
 Dragon's Call            Summ           #.........   100%        9    #######


Dungeon Overview and Level Annotations

Branches:
Dungeon (14/15)            Temple (0/1) D:4            Lair (0/6) D:9
    Orc (0/2) D:12         Vaults (0/5) D:14        Ossuary (visited)

Altars:
Ashenzari
Cheibriados
Dithmenos
Kikubaaqudgha
Makhleb
Qazlal
Sif Muna
Trog
Uskayaw
Vehumet
Wu Jian
Xom
Zin

Shops:
D:7 !   D:10 %

Portals:
Trove: D:13 (show slimy rune of Zot)

Annotations:
D:2 exclusion: downstairs
D:5 1 runed translucent door, Gynju's ghost, novice GnSk
D:6 exclusion: downstairs
D:7 3 exclusions
D:12 exclusion: 2 downstairs


Innate Abilities, Weirdness & Mutations

You cannot be hasted, slowed, berserked, paralysed or teleported.
You can dig through walls and to a lower floor.
Your four strong arms can wield two-handed weapons with a shield.
You have a pair of large antennae on your head. (SInv)
Your muscles are strong. (Str +2)
You expend magic power (3 MP) to strengthen your wands.


Message History

The cyan ugly thing gores you! The cyan ugly thing shocks you!
* * * LOW HITPOINT WARNING * * *
You barely miss the cyan ugly thing.
The cyan ugly thing is lightly wounded.
Your hellwing barely misses the cyan ugly thing. x2
The cyan ugly thing barely misses you.
You hit the cyan ugly thing.
The cyan ugly thing is lightly wounded.
Your hellwing hits the cyan ugly thing.
Your hellwing closely misses the cyan ugly thing.
You closely miss the cyan ugly thing.
The cyan ugly thing is moderately wounded.
You block the cyan ugly thing's attack.
Your hellwing hits the cyan ugly thing!
Your hellwing hits the cyan ugly thing but does no damage.
You hit the cyan ugly thing.
The cyan ugly thing is moderately wounded.
The cyan ugly thing gores you!
* * * LOW HITPOINT WARNING * * *
The cyan ugly thing shocks you!
You die...

#### #4@# .. ..
#u## ##..
....####.#######
....
........{......#
....
...............#
....
..#######......#
......o..
#......#
..........
#......##
.......{..
#...p....


You could see a cyan ugly thing and a friendly hellwing.

Vanquished Creatures
  Jorgrun (D:13)
  Gastronok (D:8)
  Azrael (D:13)
  A vault guard (D:14)
  A hydra (D:11)
  2 death yaks (D:9)
  A centaur warrior (D:14)
  A deep troll (shapeshifter) (D:13)
  3 ugly things (D:14)
  2 cyclopes
  2 deep elf magi
  A centaur zombie (D:13)
  2 centaur skeletons
  A komodo dragon (D:11)
  A kobold demonologist (D:11)
  A troll (D:11)
  9 slime creatures (D:12)
  2 hippogriffs
  Sigmund (D:6)
  12 yaks
  A spriggan (D:8)
  A wraith (D:13)
  2 wyverns
  5 fire elementals (D:13)
  A steam dragon (D:7)
  A basilisk (D:11)
  2 hungry ghosts
  An acid dragon (D:14)
  2 hell hounds (D:13)
  2 water moccasins
  8 orc warriors
  A sky beast (D:11)
  3 black bears
  An eye of draining (D:10)
  A hornet zombie (D:8)
  5 ice beasts
  9 ogres
  7 phantoms
  13 centaurs
  A crocodile (D:11)
  2 big kobolds
  7 bullfrogs
  A scorpion (D:9)
  6 killer bees (D:10)
  3 vampire bats (D:5)
  2 crimson imps
  A bullfrog skeleton (D:6)
  6 hounds
  16 orc priests
  5 jellies
  2 bullfrog zombies
  5 gnoll shamans (D:13)
  An iguana (D:9)
  14 orc wizards
  12 worker ants
  A hound skeleton (D:9)
  2 hound zombies
  8 mummies (Ossuary)
  13 gnolls
  23 adders
  A river rat (D:9)
  3 shadow imps
  An ooze (D:4)
  4 adder zombies
  3 worms
  3 leopard geckos (D:3)
  66 orcs
  10 bats
  3 bat skeletons (D:5)
  2 bat zombies (D:5)
  10 giant cockroaches
  9 goblins
  8 hobgoblins
  10 jackals
  7 quokkas
  7 frilled lizards
  2 gnoll zombies (Ossuary)
  3 hobgoblin zombies (Ossuary)
  2 jackal skeletons
  A jackal zombie (D:7)
  12 kobolds
  3 kobold zombies (Ossuary)
  A leopard gecko zombie (D:5)
  A quokka zombie (D:4)
  9 rats
  A fungus (D:13)
  3 plants (D:13)
428 creatures vanquished.

Vanquished Creatures (collateral kills)
  Frances (D:14)
  A death yak (D:9)
  A komodo dragon (D:14)
  A troll (D:11)
  2 hippogriffs
  A steam dragon (D:13)
  An acid dragon (D:13)
  An orc warrior (D:9)
  A centaur (D:7)
  An orc wizard (D:14)
  A quasit (D:9)
  An adder (D:9)
  A leopard gecko (D:7)
  An orc (D:14)
  A quokka (D:9)
16 creatures vanquished.

Vanquished Creatures (others)
  A basilisk (D:13)
  2 orcs (D:3)
  2 fungi (D:13)
5 creatures vanquished.

Grand Total: 449 creatures vanquished

Notes
Turn   | Place    | Note
-------+----------+-------------------------------------------
     0 | D:1      | Arang the Formicid Fighter began the quest for the Orb.
     0 | D:1      | Reached XP level 1. HP: 18/18 MP: 1/1
   178 | D:1      | Reached XP level 2. HP: 22/24 MP: 2/2
   387 | D:1      | Reached XP level 3. HP: 22/30 MP: 3/3
   841 | D:2      | Found a hide-covered altar of Uskayaw.
   844 | D:2      | Noticed a +0 dagger
   844 | D:2      | Noticed a +0 dagger
  1396 | D:2      | Reached skill level 3 in Axes
  1396 | D:2      | Reached XP level 4. HP: 37/37 MP: 4/4
  2108 | D:3      | Found a bloodstained altar of Trog.
  2303 | D:3      | Found a glowing silver altar of Zin.
  2305 | D:3      | Noticed an angel
  2309 | D:3      | Found a shimmering altar of Xom.
  2342 | D:3      | Found a burning altar of Makhleb.
  2347 | D:3      | Became a worshipper of Makhleb the Destroyer
  2378 | D:3      | Reached XP level 5. HP: 41/42 MP: 5/5
  2402 | D:3      | Reached skill level 1 in Throwing
  2805 | D:3      | Found a faded altar of an unknown god.
  2947 | D:3      | Reached skill level 4 in Axes
  3327 | D:3      | Found a shadowy altar of Dithmenos.
  3500 | D:3      | Found a radiant altar of Vehumet.
  3500 | D:3      | Found a shattered altar of Ashenzari.
  3731 | D:4      | Reached * piety under Makhleb
  3731 | D:4      | Reached XP level 6. HP: 47/48 MP: 4/6
  3752 | D:4      | Found a staircase to the Ecumenical Temple.
  3953 | D:4      | Noticed a phantom
  4006 | D:4      | Reached skill level 5 in Axes
  4256 | D:4      | Killed a phantom
  4256 | D:4      | Reached XP level 7. HP: 55/55 MP: 7/7
  4579 | D:3      | Reached skill level 5 in Fighting
  5056 | D:4      | Found an ornate altar of the Wu Jian Council.
  5226 | D:5      | Entered Level 5 of the Dungeon
  5279 | D:5      | Reached XP level 8. HP: 62/62 MP: 8/8
  5344 | D:5      | Reached ** piety under Makhleb
  5463 | D:5      | Found an ancient bone altar of Kikubaaqudgha.
  5559 | D:5      | Got a faintly humming ring mail
  5588 | D:5      | Reached skill level 6 in Axes
  5730 | D:5      | Identified the +3 ring mail of the Bruised Ships {Dex+4}
                  | (You found it on level 5 of the Dungeon)
  6111 | D:5      | Got a jewelled scythe
  6112 | D:5      | Identified the +4 scythe "Ycinoeza" {flame, Str+2} (You
                  | found it on level 5 of the Dungeon)
  6158 | D:5      | Found a runed translucent door.
  6160 | D:5      | Noticed Gynju's ghost (novice GnSk)
  6450 | D:6      | Reached skill level 5 in Throwing
  6460 | D:6      | Reached skill level 5 in Armour
  6523 | D:6      | Reached XP level 9. HP: 62/71 MP: 6/9
  6709 | D:6      | Noticed Sigmund
  6724 | D:6      | Killed Sigmund
  6909 | D:6      | Found a sand-covered staircase.
  6913 | Ossuary  | Entered an ossuary
  6922 | Ossuary  | Reached *** piety under Makhleb
  7009 | Ossuary  | Reached skill level 1 in Evocations
  7660 | D:7      | Found Atoadgh's Distillery.
  7681 | D:7      | Bought a potion of mutation for 112 gold pieces
  7681 | D:7      | Gained mutation: Your muscles are strong. (Str +2) [potion
                  | of mutation]
  7681 | D:7      | Gained mutation: You expend magic power (3 MP) to
                  | strengthen your wands. [potion of mutation]
  7762 | D:7      | Found a shimmering blue altar of Sif Muna.
  7966 | D:7      | Reached skill level 7 in Axes
  7966 | D:7      | Reached skill level 1 in Invocations
  7985 | D:7      | Noticed a hippogriff
  7997 | D:7      | Killed a hippogriff
  8001 | D:7      | Reached XP level 10. HP: 28/79 MP: 6/12
  8325 | D:7      | Noticed a six-headed hydra
  8957 | D:7      | Reached skill level 8 in Axes
  9463 | D:8      | Noticed a cyclops
  9472 | D:8      | Killed a cyclops
  9472 | D:8      | Reached skill level 5 in Invocations
  9715 | D:8      | Noticed Gastronok
  9736 | D:8      | Killed Gastronok
  9861 | D:8      | You fall into a shaft and drop 1 floor!
 10153 | D:9      | Noticed a death yak
 10162 | D:9      | Noticed a death yak
 10164 | D:9      | Noticed a death yak
 10174 | D:9      | Killed a death yak
 10174 | D:9      | Reached XP level 11. HP: 53/86 MP: 9/17
 10182 | D:9      | Killed a death yak
 10189 | D:9      | Killed a death yak
 10190 | D:9      | Reached **** piety under Makhleb
 10196 | D:9      | Reached skill level 9 in Axes
 10211 | D:9      | Found a staircase to the Lair.
 10438 | D:8      | Reached skill level 5 in Evocations
 10712 | D:8      | Found a stormy altar of Qazlal.
 11055 | D:9      | Found a snail-covered altar of Cheibriados.
 11143 | D:9      | Identified a scroll of acquirement
 11212 | D:10     | Entered Level 10 of the Dungeon
 11727 | D:10     | Reached skill level 5 in Shields
 12633 | D:10     | Found Rilodury's Food Emporium.
 13453 | D:11     | Noticed a six-headed hydra
 13457 | D:11     | Killed a six-headed hydra
 13457 | D:11     | Reached skill level 10 in Axes
 13936 | D:11     | Reached XP level 12. HP: 94/94 MP: 18/18
 13988 | D:11     | Reached ***** piety under Makhleb
 14543 | D:11     | Found a shadowy altar of Dithmenos.
 14646 | D:11     | Reached skill level 11 in Axes
 15417 | D:12     | Found a staircase to the Orcish Mines.
 15847 | D:12     | Reached skill level 12 in Axes
 15971 | D:13     | Noticed Jorgrun
 15984 | D:13     | Killed Jorgrun
 15994 | D:13     | Noticed an unseen horror
 15997 | D:13     | Noticed a deep troll
 15997 | D:13     | an unseen horror changed into a deep troll
 16006 | D:13     | Noticed Azrael
 16009 | D:13     | Killed a deep troll
 16009 | D:13     | Reached XP level 13. HP: 56/103 MP: 7/19
 16459 | D:13     | Reached skill level 10 in Fighting
 16583 | D:13     | Found a portal to a secret trove of treasure.
 16779 | D:13     | Killed Azrael
 16802 | D:13     | Reached skill level 13 in Axes
 17058 | D:13     | Reached skill level 10 in Armour
 18203 | D:14     | Noticed a centaur warrior
 18217 | D:14     | Killed a centaur warrior
 18305 | D:14     | Found a gate to the Vaults.
 18305 | D:14     | Noticed a vault guard
 18305 | D:14     | Noticed a vault guard
 18305 | D:14     | Noticed a vault guard
 18306 | D:14     | Noticed a vault guard
 18316 | D:14     | Noticed Frances
 18358 | D:14     | Killed a vault guard
 18369 | D:14     | Killed Frances
 18432 | D:14     | Slain by a cyan ugly thing

Levels and vault maps discovered:
D:1:      minmay_arrival_split_and_join, layout_basic, minmay_lizard_pond
D:2:      layout_rooms, dancing_weapons_uskayaw, hex_tiny,
          kennysheep_generic_room_10
D:3:      layout_loops_corners, grunt_temple_overflow_order_and_chaos_1,
          lightli_temple_of_fire, gammafunk_temple_overflow_wave, bloody_trog,
          lemuel_doored_altar, first_ration, chequers_ecumenical_altar_island,
          kennysheep_generic_room_11
D:4:      cheibrodos_pilgrimage, layout_cave_pools,
          lemuel_coloured_pillars_altar, minmay_temple_entry_drinking_statues,
          minmay_manual_mandibuliform
D:5:      layout_basic, kennysheep_vampire_church, gammafunk_ghost_grave
D:6:      layout_loops_ring, nicolae_ossuary_entry_plus, uniq_sigmund
D:7:      layout_gridville, kennysheep_mini_moat, serial_shops,
          nicolae_shop_window_shopping, nrook_mini_vaults, nzn_random_ring
D:8:      layout_loops_ring, grunt_qazlal_clouds, the_bakery, uniq_gastronok
D:9:      layout_roguey, cheibrodos_worm_habitat, dpeg_lair_monsters,
          chequers_mini_garden
D:10:     minmay_spotlight, layout_basic, serial_shops,
          nicolae_shop_window_shopping
D:11:     layout_small_grid, basic_altar, abandoned_shop
D:12:     layout_basic, hiddenorc2_lemuel, hex_large
D:13:     kennysheep_seaside_town, layout_basic, nicolae_trove_entry_crossroad,
          uniq_azrael, uniq_jorgrun
D:14:     layout_irregular_city, lightli_vaults_fourway_checkpoint,
          minivault_19, uniq_frances

Skill      XL: |  1  2  3  4  5  6  7  8  9 10 11 12 13 |
---------------+----------------------------------------+-----
Fighting       | 4 5 6 7 8 9 10 | 10.8
Axes           | 3 4 5 6 7 8 10 12 13 | 13.8
Throwing       | 1 2 3 5 6 |  6.6
Armour         | 4 5 6 8 9 10 | 10.5
Evocations     | 3 6 |  6.0
Invocations    | 1 9 |  9.2
Shields        | 4 5 |  5.5
Dodging        | |  0.1

Action                   |  1- 3 |  4- 6 |  7- 9 | 10-12 | 13-15 || total
-------------------------+-------+-------+-------+-------+-------++-------
Melee: War axe           |   123 |   164 |       |   365 |   222 ||   874
       Halberd           |       |    39 |   195 |       |       ||   234
       Battleaxe         |       |       |    76 |   295 |       ||   371
       Scythe            |       |       |       |     1 |       ||     1
Throw: Dart              |     9 |    59 |    77 |    72 |    30 ||   247
       Boomerang         |       |       |       |    41 |     3 ||    44
Invok: Lesser Servant of |       |       |     1 |     8 |     3 ||    12
 Abil: Dig               |       |     1 |       |       |     4 ||     5
Evoke: Wand              |       |       |       |     4 |     5 ||     9
  Use: Potion            |     4 |     2 |     1 |       |     2 ||     9
       Scroll            |       |       |     8 |    13 |     1 ||    22
 Stab: Distracted        |       |       |       |     2 |       ||     2
  Eat: Chunk             |     1 |    10 |    13 |    27 |     9 ||    60
       Ration            |       |       |       |     1 |       ||     1
Armor: Scale mail        |    64 |    99 |     7 |       |       ||   170
       Chain mail        |       |       |    40 |   162 |    39 ||   241
       Ring mail         |       |       |    66 |    13 |       ||    79
       Plate armour      |       |       |       |   160 |       ||   160
Dodge: Dodged            |    58 |   109 |   103 |   180 |    66 ||   516
Block: Shield            |    84 |   142 |   142 |   357 |    77 ||   802

Table legend:
 A = Non-vault XP
 B = Vault XP
 C = Vault XP percentage of total XP
 D = Non-vault monster count
 E = Vault monster count
 F = Vault count percentage of total count
                 A         B        C        D         E       F
            +---------+---------+-------+---------+---------+-------
      Total |   24017 |   15982 |  40.0 |     301 |     139 |  31.6
            +---------+---------+-------+---------+---------+-------
        D:1 |      47 |       6 |  11.3 |      23 |       6 |  20.7
        D:2 |      68 |      15 |  18.1 |      15 |       2 |  11.8
        D:3 |     168 |      43 |  20.4 |      31 |       1 |   3.1
        D:4 |     460 |     178 |  27.9 |      20 |       8 |  28.6
        D:5 |     421 |     179 |  29.8 |      17 |       8 |  32.0
        D:6 |     974 |     223 |  18.6 |      21 |       1 |   4.5
        D:7 |     573 |     891 |  60.9 |       9 |      16 |  64.0
        D:8 |    1581 |    1652 |  51.1 |      22 |       2 |   8.3
        D:9 |     909 |    2291 |  71.6 |      28 |      10 |  26.3
       D:10 |    2138 |       2 |   0.1 |      23 |       1 |   4.2
       D:11 |    5764 |       0 |   0.0 |      39 |       0 |   0.0
       D:12 |    4433 |     668 |  13.1 |      25 |      32 |  56.1
       D:13 |    2964 |    6034 |  67.1 |      16 |      31 |  66.0
       D:14 |    3517 |    3644 |  50.9 |      12 |       5 |  29.4
    Ossuary |       0 |     156 | 100.0 |       0 |      16 | 100.0
            +---------+---------+-------+---------+---------+-------
